 Dungeon Crawl Stone Soup version 0.26-a0-651-gb41185065b (webtiles) character file.

Game seed: 4711405820759992581

30 Flugslaktarn the Shield-Bearer (level 3, -12/34 HPs)
             Began as a Deep Dwarf Fighter on Oct 22, 2020.
             Mangled by an ogre
             ... wielding a +0 giant spiked club
              (28 damage)
             ... on level 4 of the Dungeon.
             The game lasted 00:00:21 (440 turns).

Flugslaktarn the Shield-Bearer (Deep Dwarf Fighter)  Turns: 440, Time: 00:00:21

Health: -12/34     AC: 11    Str: 19    XL:     3   Next: 3%
Magic:  2/2        EV:  3    Int:  8    God:
Gold:   73         SH:  9    Dex: 13    Spells: 2/2 levels left

rFire    + . .     SeeInvis .   a - +0 war axe
rCold    . . .     Faith    .   c - +0 kite shield
rNeg     . . .     Spirit   .   e - +0 plate armour
rPois    +         Reflect  .   (no helmet)
rElec    .         Harm     .   (no cloak)
rCorr    .         Rampage  .   (no gloves)
MR       .....                  (no boots)
Stlth    ..........             (no amulet)
HPRegen  0.00/turn              f - ring of protection from fire
MPRegen  0.08/turn              o - ring of poison resistance

@: non-regenerating
A: damage resistance, heal wounds, sense surroundings 1, no regeneration
a: Heal Wounds


You were on level 4 of the Dungeon.
You visited 1 branch of the dungeon, and saw 4 of its levels.

You collected 73 gold pieces.

Inventory:

Hand Weapons
 a - a +0 war axe (weapon)
Armour
 b - a +0 scale mail
 c - a +0 kite shield (worn)
 e - a +0 plate armour (worn)
   (You found it on level 1 of the Dungeon)
Jewellery
 f - a ring of protection from fire (left hand)
   (You found it on level 1 of the Dungeon)
 o - a ring of poison resistance (right hand)
   (You found it on level 4 of the Dungeon)
Scrolls
 g - a scroll of noise {unknown}
 j - a scroll of teleportation {unknown}
 k - a scroll of enchant weapon {unknown}
Potions
 d - a potion of might
 h - a potion of lignification {unknown}
 i - 2 potions of brilliance {unknown}


   Skills:
 * Level 3.1 Fighting
 * Level 2.9 Axes
 + Level 3.5 Armour
 + Level 3.5 Shields


You had 2 spell levels left.
You didn't know any spells.
Your spell library was empty.

Dungeon Overview and Level Annotations

Branches:
Dungeon (4/15)
 Temple: D:4-7

Altars:
Dithmenos
Yredelemnul

Shops:
D:4 ?


Innate Abilities, Weirdness & Mutations

You are resistant to damage.
You can heal yourself by infusing magical energy.
You passively map a small area around you.
You do not regenerate.


Message History

No target in view!
No target in view!
No target in view!
No target in view!
No target in view!
An ogre comes into view. It is wielding a +0 giant spiked club.
An ogre is nearby!
An ogre is nearby!
An ogre is nearby!
You block the ogre's attack.
There is a basalt altar of Yredelemnul here.
You barely miss the ogre. You block the ogre's attack.
You hit the ogre.
The ogre is moderately wounded.
The ogre hits you with a +0 giant spiked club!
You hit the ogre.
The ogre is moderately wounded.
The ogre hits you with a +0 giant spiked club!!
Ouch! That really hurt!
You die...

+#.#......#
...#......########
...'......>......#
...#.......... ..#####
...#........#* #.....# *
####........####.### ,
#........##.....# *
#........##...^.#.#.. *
#######.........@......#
.....##.####.#..O..##.<#
.....##.# #.#.....#* ##
.....##.# #.###.### *
#######.#* #.. ..#** *
.....##.. ### #.., , ,
.....#### ,* * ..##
.....# , ... .....# * *
* *** **


You could see an ogre.

Vanquished Creatures
  An adder (D:2)
  2 worms (D:2)
  An orc (D:4)
  A goblin (D:2)
  3 jackals (D:2)
  A kobold (D:3)
  2 quokkas
  2 bats
  A rat (D:3)
14 creatures vanquished.

Notes
Turn   | Place    | Note
-------+----------+-------------------------------------------
     0 | D:1      | Flugslaktarn the Deep Dwarf Fighter began the quest for the
                  | Orb.
     0 | D:1      | Reached XP level 1. HP: 20/20 MP: 1/1
   192 | D:2      | Reached XP level 2. HP: 27/27 MP: 2/2
   318 | D:4      | Found a shadowy altar of Dithmenos.
   395 | D:4      | Found Casseam's Magic Scroll Boutique.
   405 | D:4      | Reached XP level 3. HP: 31/34 MP: 2/2
   427 | D:4      | Found a basalt altar of Yredelemnul.
   434 | D:4      | Noticed an ogre
   440 | D:4      | Mangled by an ogre

Illustrated notes

Levels and vault maps discovered:
D:1:      minmay_arrival_arboretum_small, layout_loops_corners
D:2:      layout_loops_ring, palyth_stone_intersect, minmay_heptomino_l4
D:3:      layout_basic, glass_columns_b, lemuel_flame_loot_1
D:4:      layout_basic, okawaru_gym_becter, lemuel_crystal_altar,
          nicolae_ru_sacrificial_ziggurat, nicolae_overflow_crystal_walls,
          serial_shops, nicolae_shop_behind_doors

Skill      XL: |  1  2 |
---------------+-------+-----
Fighting       | 3 |  3.1
Axes           | |  2.9
Armour         | |  3.5
Shields        | |  3.5

Action                   || total
-------------------------++-------
Melee: War axe           ||    61
 Abil: Heal Wounds       ||     1
Armor: Plate armour      ||    42
Dodge: Dodged            ||    10
Block: Kite shield       ||    37

Table legend: (Time is in decaauts)
 A = Elapsed time spent in this place.
 B = Non-inter-level travel time spent in this place.
 C = Inter-level travel time spent in this place.
 D = Time resting spent in this place.
 E = Time spent auto-exploring this place.
 F = Levels seen in this place.
 G = Mean time per level.
                   A        B        C        D        E       F      G
               +--------+--------+--------+--------+--------+-----+--------+
         Total |    464 |    399 |     65 |      0 |    247 |   4 |  116.0 |
       Dungeon |    464 |    399 |     65 |      0 |    247 |   4 |  116.0 |
               +--------+--------+--------+--------+--------+-----+--------+

Top non-repeatable levels by time:
     D:2: 133 daAuts
     D:4: 131 daAuts
     D:1: 119 daAuts
     D:3: 80 daAuts
